 Dungeon Crawl Stone Soup version 0.27-a0-1189-gb8eb6cee8e (webtiles) character file.

Game seed: 8013096906388571144

278 Froggeryz the Cudgeller (level 6, 0/51 HPs)
             Began as a Draconian Berserker on May 23, 2021.
             Was a Believer of Trog.
             Killed by nerve-wracking pain
             ... invoked by an orc priest
              (3 damage)
             ... on level 4 of the Dungeon.
             The game lasted 00:03:01 (2817 turns).

Froggeryz the Cudgeller (Draconian Berserker)       Turns: 2817, Time: 00:03:01

Health: 0/51       AC:  6    Str: 21    XL:     6   Next: 5%
Magic:  6/6        EV: 12    Int:  8    God:    Trog [**....]
Gold:   115        SH:  0    Dex: 10    Spells: 5/5 levels left

rFire    . . .     SeeInvis .   a - +0 mace
rCold    . . .     Faith    .   (no shield)
rNeg     . . .     Spirit   .   (armour unavailable)
rPois    .         Reflect  .   (helmet restricted)
rElec    .         Harm     .   (no cloak)
rCorr    .         Rampage  .   (no gloves)
Will     .....                  (no boots)
Stlth    +.........             (no amulet)
HPRegen  0.17/turn              (no ring)
MPRegen  0.10/turn              (no ring)

@: on berserk cooldown, slowed, very slow
A: AC +6, unfitting armour, cold-blooded
a: Renounce Religion, Berserk, Trog's Hand


You were on level 4 of the Dungeon.
You worshipped Trog.
Trog was pleased with you.
You visited 1 branch of the dungeon, and saw 4 of its levels.

You collected 115 gold pieces.

Inventory:

Hand Weapons
 a - a +0 mace (weapon)
Missiles
 f - 13 poisoned darts (quivered)
 h - 6 javelins
Armour
 g - a +0 kite shield
Scrolls
 b - 5 scrolls of identify {unknown}
 c - 2 scrolls of enchant weapon {unknown}
 d - a scroll of enchant armour {unknown}
 e - a scroll of vulnerability {unknown}
 l - a scroll of fear {unknown}
Potions
 j - a potion of lignification {unknown}
 k - a potion of ambrosia {unknown}


   Skills:
 - Level 3.2 Fighting
 * Level 6.1 Maces & Flails
 - Level 2.6 Dodging
 + Level 2.7 Shields


You had 5 spell levels left.
You didn't know any spells.
Your spell library was empty.

Dungeon Overview and Level Annotations

Branches:
Dungeon (4/15)
 Temple: D:4-7

Altars:
Makhleb
Sif Muna
Uskayaw
The Shining One


Innate Abilities, Weirdness & Mutations

Your plain brown scales are hard. (AC +6)
You cannot fit into any form of body armour.
You are cold-blooded and may be slowed by cold attacks.


Message History

You bludgeon the orc priest!!
You kill the orc priest!
Trog accepts your kill.
You have reached level 6!
Your experience leads to an increase in your attributes!
Increase (S)trength, (I)ntelligence, or (D)exterity?
You feel stronger.
Your scales feel tougher.
You barely miss the kobold. You closely miss the kobold.
Your tail-slap misses the kobold.
The kobold closely misses you.
You barely miss the kobold. The kobold misses you.
You completely miss the kobold. The kobold closely misses you.
You sock the kobold!
You kill the kobold!
Trog accepts your kill.
The orc priest looks satisfied for a moment.
You sock the orc!
You kill the orc!
Trog accepts your kill. The orc priest hits you with a +0 mace.
* * * LOW HITPOINT WARNING * * *
Items here: ( ))) [ †††.
You closely miss the orc priest. You closely miss the orc priest.
Your tail-slap misses the orc priest.
You are no longer berserk.
You are exhausted.
You feel yourself slow down. The orc priest barely misses you.
You barely miss the orc priest.
The orc priest mumbles some strange prayers to Beogh against you.
You barely resist. The orc priest hits you with a +0 mace.
* * * LOW HITPOINT WARNING * * *
You hit the orc priest. You tail-slap the orc priest.
The orc priest is moderately wounded.
The orc priest barely misses you.
You thump the orc priest!
The orc priest is almost dead.
The orc priest barely misses you.
The orc priest mumbles some strange prayers to Beogh against you.
Pain shoots through your body!
You die...

#K#### #.##. #.#
#.... #K#### #+#
####. #....# #.#
#. ####.# #.#
######. #K# ##.##
#...... #†#
##...###.#####
#.#######.....##.#
#...o@...#...###.#
########.........#
###########


You could see an orc priest.

Vanquished Creatures
  An ice beast (D:3)
  2 orc priests
  3 orc wizards (D:3)
  A dart slug (D:1)
  3 orcs
  4 giant cockroaches
  6 hobgoblins
  4 jackals (D:2)
  A quokka (D:1)
  3 ball pythons
  4 bats
  A frilled lizard (D:1)
  5 goblins
  7 kobolds
  2 rats (D:1)
47 creatures vanquished.

Notes
Turn   | Place    | Note
-------+----------+-------------------------------------------
     0 | D:1      | Froggeryz the Draconian Berserker began the quest for the
                  | Orb.
     0 | D:1      | Reached XP level 1. HP: 19/19 MP: 1/1
   198 | D:1      | Reached XP level 2. HP: 12/26 MP: 2/2
   644 | D:1      | Reached skill level 4 in Maces & Flails
  1115 | D:1      | Reached XP level 3. HP: 28/31 MP: 3/3
  1247 | D:2      | Found a shimmering blue altar of Sif Muna.
  1258 | D:2      | Found a faded altar of an unknown god.
  1635 | D:3      | Reached skill level 1 in Shields
  1637 | D:3      | Reached XP level 4. HP: 38/38 MP: 4/4
  1639 | D:3      | Reached ** piety under Trog
  1863 | D:3      | Reached skill level 5 in Maces & Flails
  1872 | D:3      | Reached XP level 5. HP: 4/45 MP: 5/5
  2279 | D:3      | Found a glowing golden altar of the Shining One.
  2281 | D:3      | Found a burning altar of Makhleb.
  2367 | D:3      | Found a hide-covered altar of Uskayaw.
  2436 | D:3      | Noticed an ice beast
  2445 | D:3      | Killed an ice beast
  2738 | D:4      | Reached skill level 6 in Maces & Flails
  2806 | D:4      | Reached XP level 6. HP: 8/51 MP: 6/6
  2817 | D:4      | Killed from afar by an orc priest

Illustrated notes

Levels and vault maps discovered:
D:1:      dpeg_arrival_orchard, layout_loops_ring
D:2:      layout_rooms, hellmonk_ecumenical_altar_arch_garden, basic_altar
D:3:      layout_basic, nicolae_uskayaw_dance_hall,
          nicolae_overflow_hidden_temple, minmay_misc_feat_tiny, glass_columns_b
D:4:      layout_loops_corners, hangedman_decor_opposing

Skill      XL: |  1  2  3  4  5 |
---------------+----------------+-----
Maces & Flails | 4 5 6 |  6.1
Shields        | 1 2 |  2.7
Fighting       | |  3.2
Dodging        | |  2.6

Action                   |  1- 3 |  4- 6 || total
-------------------------+-------+-------++-------
Melee: Mace              |   109 |    46 ||   155
       Tailslap          |    10 |     5 ||    15
Invok: Berserk           |     1 |     3 ||     4
  Use: Potion            |       |     2 ||     2
 Stab: Sleeping          |     1 |     1 ||     2
Armor: Skin              |    38 |     8 ||    46
Dodge: Dodged            |    81 |    26 ||   107

Table legend: (Time is in decaauts)
 A = Elapsed time spent in this place.
 B = Non-inter-level travel time spent in this place.
 C = Inter-level travel time spent in this place.
 D = Time resting spent in this place.
 E = Time spent auto-exploring this place.
 F = Levels seen in this place.
 G = Mean time per level.
                   A        B        C        D        E       F      G
               +--------+--------+--------+--------+--------+-----+--------+
         Total |   2863 |   2764 |     99 |    698 |   1679 |   4 |  715.8 |
       Dungeon |   2863 |   2764 |     99 |    698 |   1679 |   4 |  715.8 |
               +--------+--------+--------+--------+--------+-----+--------+

Top non-repeatable levels by time:
     D:1: 1213 daAuts
     D:3: 1080 daAuts
     D:2: 465 daAuts
     D:4: 103 daAuts
